 Dungeon Crawl Stone Soup version 0.29.1-2-gbd0b4ee654 (webtiles) character file.

Game seed: 6785000284073637250

117 GigaChad the Covered (level 4, -4/41 HPs)
             Began as a Minotaur Fighter on Nov 25, 2022.
             Slain by Duvessa
             ... wielding a +0 short sword
              (8 damage)
             ... on level 4 of the Dungeon.
             The game lasted 00:05:11 (1980 turns).

GigaChad the Covered (Minotaur Fighter)             Turns: 1980, Time: 00:05:12

Health: -4/41      AC: 11    Str: 22    XL:     4   Next: 71%
Magic:  3/3        EV:  7    Int:  5    God:
Gold:   95         SH:  4    Dex: 10    Spells: 3/3 levels left

rFire   . . .      SeeInvis .   a - +0 war axe
rCold   . . .      Faith    .   c - +0 buckler
rNeg    . . .      Spirit   .   m - +0 chain mail
rPois   .          Reflect  .   (helmet restricted)
rElec   .          Harm     .   f - +1 cloak
rCorr   .          Rampage  .   (no gloves)
Will    .....                   (no boots)
Stlth   ..........              g - amulet of the acrobat
HPRegen 0.13/turn               (no ring)
MPRegen 0.08/turn               (no ring)

@: no status effects
A: horns 2, retaliatory headbutt
a: no special abilities


You were on level 4 of the Dungeon.
You visited 1 branch of the dungeon, and saw 4 of its levels.

You collected 95 gold pieces.

Inventory:

Hand Weapons
 a - a +0 war axe (weapon)
Armour
 b - a +0 scale mail
 c - a +0 buckler (worn)
 f - a +1 cloak (worn)
 m - a +0 chain mail (worn)
Jewellery
 g - an amulet of the acrobat (around neck)
 o - a ring of positive energy
Scrolls
 h - 2 scrolls of enchant weapon {unknown}
 j - 3 scrolls of vulnerability
 n - a scroll of blinking {unknown}
Potions
 d - a potion of might
 e - a potion of degeneration {unknown}
 i - a potion of resistance {unknown}
 k - a potion of ambrosia {unknown}
 l - a potion of haste {unknown}


   Skills:
 * Level 4.4 Fighting
 + Level 3.9 Axes
 * Level 4.6 Armour
 - Level 0.3 Dodging
 * Level 4.3 Shields


You had 3 spell levels left.
You didn't know any spells.
Your spell library contained the following spells:

 Spells                   Type           Power      Damage    Failure   Level
 Sandblast                Erth           0%         2d4       99%         1
 Summon Small Mammal      Summ           0%         N/A       99%         1
 Passwall                 Tmut/Erth      0%         N/A       100%        2
 Call Canine Familiar     Summ           0%         N/A       100%        3
 Stone Arrow              Conj/Erth      0%         3d7       100%        3
 Summon Guardian Golem    Hex/Summ       0%         N/A       100%        3


Dungeon Overview and Level Annotations

Branches:
Dungeon (4/15)
 Temple: D:4-7

Altars:
Yredelemnul

Annotations:
D:4 Duvessa


Innate Abilities, Weirdness & Mutations

You have a pair of horns on your head.
You reflexively headbutt those who attack you in melee.


Message History

Dowan blinks!
You hit Dowan.
Dowan is lightly wounded.
Dowan closely misses you. You furiously retaliate!
You headbutt Dowan. You slash Dowan!
Dowan is severely wounded.
Dowan barely misses you. You furiously retaliate!
You headbutt Dowan. Duvessa hits you but does no damage.
Dowan hits you but does no damage.
You closely miss Dowan.
Dowan is severely wounded.
You hit Duvessa but do no damage. Duvessa hits you with a +0 short sword.
Dowan gestures at Duvessa while chanting.
Duvessa seems to speed up.
You barely miss Dowan. Your headbutt misses Dowan.
Dowan is severely wounded.
You hit Duvessa. Duvessa hits you but does no damage.
Dowan gestures at you while chanting. The puff of frost hits you.
Duvessa hits you with a +0 short sword!
You barely miss Dowan. Your headbutt misses Dowan.
Dowan is severely wounded.
You closely miss Duvessa. Duvessa hits you with a +0 short sword.
Dowan hits you but does no damage. Duvessa hits you but does no damage.
Dowan closely misses you.
You hit Duvessa but do no damage. You headbutt Duvessa.
Duvessa is lightly wounded.
You hit Dowan.
You kill Dowan!
Duvessa screams in rage.
Duvessa goes berserk!
Duvessa barely misses you. Duvessa hits you with a +0 short sword!
* * * LOW HITPOINT WARNING * * *
You hit Duvessa but do no damage. You headbutt Duvessa.
Duvessa is moderately wounded.
Duvessa hits you with a +0 short sword!
* * * LOW HITPOINT WARNING * * *
Duvessa completely misses you.
You barely miss Duvessa.
Duvessa is moderately wounded.
Duvessa closely misses you. Duvessa hits you with a +0 short sword!
You die...

#.# #.# ..# #.#
#.# #.#
######e#####
#.....@)...#
#####.###..###.#
#)....# #.....
#.###.# #...##.#
#.# #........#
##.#######...##
#......# #..##
#..# #..###.#
#... #..# #..#
#.# #..# #


You could see Duvessa (berserk, fast).

Vanquished Creatures
  Dowan (D:4)
  3 adders
  A worm (D:2)
  An orc (D:3)
  5 endoplasms
  5 giant cockroaches
  4 goblins
  3 hobgoblins
  A jackal (D:2)
  3 ball pythons
  5 bats
  4 frilled lizards (D:2)
  2 rats
38 creatures vanquished.

Vanquished Creatures (others)
  2 plants (D:1)
2 creatures vanquished.

Grand Total: 40 creatures vanquished

Notes
Turn   | Place    | Note
-------+----------+-------------------------------------------
     0 | D:1      | GigaChad the Minotaur Fighter began the quest for the Orb.
     0 | D:1      | Reached XP level 1. HP: 19/19 MP: 0/0
   315 | D:1      | Reached XP level 2. HP: 27/27 MP: 1/1
   439 | D:2      | Reached XP level 3. HP: 17/33 MP: 2/2
  1677 | D:3      | Found a basalt altar of Yredelemnul.
  1680 | D:3      | Reached XP level 4. HP: 40/40 MP: 3/3
  1971 | D:4      | Noticed Duvessa
  1971 | D:4      | Noticed Dowan
  1978 | D:4      | Killed Dowan
  1980 | D:4      | Slain by Duvessa

Illustrated notes

Levels and vault maps discovered:
D:1:      nicolae_arrival_memento_mori, layout_basic, serial_bayou,
          serial_bayou_pond_d, serial_bayou_pond_c, serial_bayou_ford_a,
          serial_bayou_lagoon_a, shapermc_ecumenical_altar_flowoftime,
          minmay_stone_trees_large, hangedman_decor_clover_reticule,
          minmay_pentomino_u4
D:2:      minmay_general_purpose_star, layout_rooms
D:3:      layout_basic, marbit_many_paths
D:4:      layout_loops_corners, temple_statues, serial_glass, glass_columns_b,
          glass_columns_a, chequers_serial_rivers_micro_e, uniq_duvessa,
          uniq_natasha

Skill      XL: |  1  2  3 |
---------------+----------+-----
Armour         | 4 |  4.6
Fighting       | 4 |  4.4
Shields        | 4 |  4.3
Axes           | 3 |  3.9
Dodging        | |  0.3

Action                   |  1- 3 |  4- 6 || total
-------------------------+-------+-------++-------
Melee: War axe           |    83 |    16 ||    99
       Headbutt          |     8 |     4 ||    12
  Use: Scroll            |     2 |       ||     2
Armor: Scale mail        |    67 |       ||    67
       Chain mail        |       |     8 ||     8
Dodge: Dodged            |    56 |    12 ||    68
Block: Buckler           |    25 |     2 ||    27
